 Dungeon Crawl Stone Soup version 0.22-a0-542-gce4f928 (webtiles) character file.

15256 Amnesiac the Eclecticist (level 11, -5/52 HPs)
             Began as a Spriggan Earth Elementalist on June 25, 2018.
             Was a High Priest of Ashenzari.
             Slain by a seven-headed hydra (16 damage)
             ... on level 1 of the Lair of Beasts.
             The game lasted 00:34:09 (13278 turns).

Amnesiac the Eclecticist (SpEE)                    Turns: 13278, Time: 00:34:10

Health: -5/52      AC:  2    Str:  4    XL:     11   Next: 99%
Magic:  17/31      EV: 25    Int: 19    God:    Ashenzari [*****.]
Gold:   709        SH:  9    Dex: 18    Spells: 21/40 levels left

rFire    . . .     SeeInvis +   r - -1 dagger (curse)
rCold    . . .     Gourm    .   s - +0 buckler (curse)
rNeg     . . .     Faith    .   U - +0 robe (curse)
rPois    .         Spirit   .   (helmet restricted)
rElec    .         Reflect  .   (no cloak)
rCorr    .         Harm     .   (gloves unavailable)
MR       +....     Clarity  +   (boots unavailable) Stlth ++++......Rnd*Tele +
                                j - amulet of magic regeneration
HPRegen  0.17/turn              C - ring of loudness (curse)
MPRegen  0.47/turn              D - ring of teleportation (curse)

@: very quick
A: very small, unfitting armour, see invisible, herbivore, speed 3, slow
metabolism 2
a: Curse Item, Scrying, Transfer Knowledge, Renounce Religion


You were on level 1 of the Lair of Beasts.
You worshipped Ashenzari.
Ashenzari was extremely pleased with you.
You were not hungry.

You visited 3 branches of the dungeon, and saw 14 of its levels.
You also visited: Ossuary.

You collected 817 gold pieces.
You spent 108 gold pieces at shops.

Inventory:

Hand Weapons
 b - a +0 blowgun
 i - a +5 rapier of draining
 r - a cursed -1 dagger (weapon)
 J - the +3 scimitar of the Pill Bug {antimagic, MP+9 Str+4}
   (You found it on level 8 of the Dungeon)

   It reduces the magical energy of the wielder, and disrupts the spells and
   magical abilities of those hit.
   Natural abilities and divine invocations are not affected.
   It affects your strength (+4).
   It affects your magic capacity (+9).
Missiles
 x - 62 poisoned needles
 y - 245 stones (quivered)
 G - 2 throwing nets
 P - 315 arrows
Armour
 c - a +1 robe
 s - a cursed +0 buckler (worn)
 U - a cursed +0 robe (worn)
Jewellery
 j - an amulet of magic regeneration (around neck)
 C - a cursed ring of loudness (left hand)
 D - a cursed ring of teleportation (right hand)
 I - an uncursed amulet of regeneration
 K - an uncursed ring of protection from fire
 L - an uncursed ring of protection from cold
Wands
 a - a wand of iceblast (11)
 d - a wand of paralysis (10)
 e - a wand of acid (14)
 R - a wand of digging (18)
 V - a wand of random effects (29)
Scrolls
 m - 3 scrolls of magic mapping {!r}
 q - 3 scrolls of fog {!r}
 u - 6 scrolls of remove curse {!r}
 A - 3 scrolls of blinking {!r}
 B - 2 scrolls of amnesia {!r}
 H - 2 scrolls of noise {!r, unknown}
 M - a scroll of holy word {!r, unknown}
 O - a scroll of enchant weapon {!r}
 Q - 3 scrolls of fear {!r}
 S - a scroll of teleportation {!r}
 T - 6 scrolls of identify {!r}
Potions
 f - 2 potions of haste {!q}
 h - 2 potions of curing {!q}
 k - a potion of might {!q}
 l - 3 potions of heal wounds {!q}
 n - a potion of ambrosia {!q}
 o - 2 potions of agility {!q}
 p - a potion of berserk rage {!q}
 t - a potion of cancellation {!q}
 v - 2 potions of mutation {!q}
 w - a potion of magic {!q}
 z - a potion of flight {!q}
 E - 2 potions of brilliance {!q}
 F - a potion of resistance {!q}
 N - a potion of degeneration {!q, unknown}
Comestibles
 g - 21 rations


   Skills:
 * Level 3.5 Fighting
 - Level 5.9(10.0) Short Blades
 + Level 9.0 Dodging
 - Level 10.0 Stealth
 - Level 6.1(8.9) Shields
 - Level 15.0 Spellcasting
 - Level 4.4(6.9) Transmutations
 - Level 4.4(7.0) Earth Magic


You had 21 spell levels left.
You knew the following spells:

 Your Spells              Type           Power        Failure   Level  Hunger
a - Stone Arrow           Conj/Erth      ####..       3%          3    None
b - Passwall              Tmut/Erth      #####...     1%          2    None
c - Sandblast             Erth           #####.       1%          1    None
d - Lee's Rapid Deconstr  Erth           #####.....   7%          5    ###....
e - Petrify               Tmut/Erth      #####...     2%          4    None
f - Sticks to Snakes      Tmut           #####...     1%          2    None
g - Poisonous Vapours     Pois/Air       ###...       6%          2    None

Your spell library contained the following spells:

 Spells                   Type           Power        Failure   Level  Hunger
 Conjure Flame            Conj/Fire      ###.....     12%         3    None
 Lightning Bolt           Conj/Air       ###.......   71%         5    ###....
 Freezing Cloud           Conj/Ice/Air   ###.......   99%         6    #####..
 Mephitic Cloud           Conj/Pois/Air  ###.....     12%         3    None
 Ring of Flames           Chrm/Fire      ###.......   100%        7    ######.
 Shock                    Conj/Air       ###.         3%          1    None
 Swiftness                Chrm/Air       ###.....     6%          2    None
 Spider Form              Tmut/Pois      ####......   3%          3    None
 Blade Hands              Tmut           #####.....   7%          5    ###....
 Ice Form                 Ice/Tmut       ####....     10%         4    None
 Airstrike                Air            ###.......   36%         4    None
 Static Discharge         Conj/Air       ###.....     12%         3    None
 Beastly Appendage        Tmut           #####.       1%          1    None


Dungeon Overview and Level Annotations

Branches:
Dungeon (12/15)            Temple (1/1) D:6            Lair (1/6) D:11
    Orc: D:9-12

Altars:
Ashenzari
Cheibriados
Dithmenos
Elyvilon
Fedhas
Gozag
Hepliaklqana
Kikubaaqudgha
Makhleb
Nemelex Xobeh
Okawaru
Qazlal
Ru
Sif Muna
Trog
Uskayaw
Vehumet
Wu Jian
Xom
Yredelemnul
Zin
The Shining One

Shops:
D:7 =   D:9 }

Annotations:
D:7 1 runed door


Innate Abilities, Weirdness & Mutations

You are very small and have problems with some larger weapons.
You are too small for most types of armour.
You have supernaturally acute eyesight. (SInv)
You are a herbivore.
You cover ground extremely quickly.
You need to consume almost no food.


Message History

Confirm with . or Enter, or press ? or * to list all spells.
Aiming: Petrify (safe; 2% risk of failure)
Press: ? - help, Shift-Dir - straight line, f - water moccasin
Aim: a water moccasin (chance to defeat MR: 67%)
The water moccasin struggles to resist.
Unknown command.
Casting: Petrify (safe; 2% risk of failure)
Confirm with . or Enter, or press ? or * to list all spells.
Aiming: Petrify (safe; 2% risk of failure)
Press: ? - help, Shift-Dir - straight line, f/p - water moccasin
Aim: a water moccasin (chance to defeat MR: 67%)
The water moccasin is moving more slowly.
Unknown command.
You hit the water moccasin but do no damage.
You block the water moccasin's attack.
You hit the water moccasin.
The water moccasin is lightly wounded.
You hit the water moccasin.
The water moccasin is lightly wounded.
The water moccasin completely misses you.
The bullfrog closely misses you.
You hit the water moccasin but do no damage.
The water moccasin is lightly wounded.
The water moccasin completely misses you.
The bullfrog barely misses you.
You hit the water moccasin but do no damage.
The water moccasin is lightly wounded.
The water moccasin barely misses you.
You hit the water moccasin but do no damage.
The water moccasin is lightly wounded.
The bullfrog closely misses you.
Your magical contamination has completely faded away.
The water moccasin stops moving altogether!
Casting: Petrify (safe; 2% risk of failure)
Confirm with . or Enter, or press ? or * to list all spells.
Aiming: Lee's Rapid Deconstruction (safe; 7% risk of failure)
Press: ? - help, Dir - move target cursor, f/p - water moccasin Fragment what (e.g. wall or brittle monster)?: a water moccasin (lightly wounded, petrified)
The water moccasin shatters!
The water moccasin is severely wounded.
The blast of petrified fragments hits the bullfrog.
You kill the bullfrog!
The blast of petrified fragments hits the seven-headed hydra.
The seven-headed hydra is moderately wounded.
Unknown command.
Casting: Lee's Rapid Deconstruction (safe; 7% risk of failure)
Confirm with . or Enter, or press ? or * to list all spells.
Aiming: Lee's Rapid Deconstruction (safe; 7% risk of failure)
Press: ? - help, Dir - move target cursor, f/p - water moccasin Fragment what (e.g. wall or brittle monster)?: a water moccasin (severely wounded, petrified)
The water moccasin shatters!
You blow up the water moccasin!
Your Dodging skill increases to level 9!
The blast of petrified fragments hits the seven-headed hydra.
The seven-headed hydra is heavily wounded.
The seven-headed hydra closely misses you.
The seven-headed hydra completely misses you.
The seven-headed hydra bites you!!
* * * LOW HITPOINT WARNING * * *
The seven-headed hydra bites you!
* * * LOW HITPOINT WARNING * * *
You block the seven-headed hydra's attack.
The seven-headed hydra bites you!
You die...

* ##....†.......## * * *###
##* ###..............# * , *
,...##P###.................
,,
..........................
,, ,
,..........................
, ,
..........%............#..
,,
.............%.......#.... ,
,,..................#####...
, ,,,........D@.....####
###..# ,..........##...#
###.#... ,,,
,,.........####..####.......
, , , .>......##
#..##......... , ,,
,.......## #..##......... ,
....... ##..###.....#..
...>....#* #.....##...###. ,
........# #.........## #.
......... * ##.###....## ##


You could see a seven-headed hydra.

Vanquished Creatures
  2 two-headed ogres
  Erica (Lair:1)
  The ghost of Salmacis the Martial Artist, a novice DsMo of Ru (D:7)
  3 wizards (D:11)
  A black mamba (Lair:1)
  5 spiny frogs (Lair:1)
  2 komodo dragons (Lair:1)
  3 trolls
  A queen bee (D:10)
  3 blink frogs (Lair:1)
  2 hippogriffs (D:9)
  Sigmund (D:2)
  Eustachio (D:5)
  A hungry ghost (D:9)
  A vampire mosquito (D:7)
  Edmund (D:5)
  2 water moccasins (Lair:1)
  2 ice beasts
  An orc warrior (D:7)
  3 eyes of draining (D:6)
  A black bear (D:11)
  A necrophage (D:11)
  8 ogres
  2 phantoms
  A crocodile (Lair:1)
  8 centaurs
  2 elf zombies
  A big kobold (D:8)
  9 bullfrogs
  An elf skeleton (D:7)
  2 water moccasin zombies (D:6)
  2 scorpions
  23 killer bees (D:10)
  4 howler monkeys
  A crimson imp (D:9)
  3 centaur skeletons
  3 centaur zombies
  10 hounds
  5 human zombies
  2 jellies
  6 orc wizards
  4 orc priests
  4 iguanas
  Jessica (D:3)
  8 worker ants
  A killer bee zombie (D:5)
  2 big kobold zombies (Ossuary)
  2 hound zombies (Ossuary)
  A hound skeleton (D:4)
  3 mummies (Ossuary)
  A worker ant zombie (D:6)
  Robin (D:2)
  A howler monkey zombie (D:6)
  5 gnolls
  5 adders
  2 shadow imps
  3 oozes
  9 adder zombies
  2 worms
  2 dart slugs
  7 leopard geckos
  23 orcs
  18 giant cockroaches
  16 goblins
  9 hobgoblins
  3 jackals (D:7)
  4 quokkas
  9 bats
  9 frilled lizards
  2 goblin zombies (Ossuary)
  3 hobgoblin zombies (Ossuary)
  A jackal skeleton (D:7)
  A jackal zombie (Ossuary)
  10 kobolds
  6 kobold zombies
  3 orc skeletons (D:7)
  2 orc zombies (Ossuary)
  A quokka zombie (Ossuary)
  5 rats
  3 rat zombies (Ossuary)
324 creatures vanquished.

Vanquished Creatures (others)
  A bullfrog (D:8)
  A hound (D:8)
  An iguana (D:8)
3 creatures vanquished.

Grand Total: 327 creatures vanquished

Notes
Turn   | Place    | Note
-------+----------+-------------------------------------------
     0 | D:1      | Amnesiac the Spriggan Earth Elementalist began the quest for the Orb.
     0 | D:1      | Reached XP level 1. HP: 9/9 MP: 5/5
     2 | D:1      | Noticed a minotaur
     4 | D:1      | Noticed a ghoul
     4 | D:1      | Noticed an ogre
     6 | D:1      | Noticed a merfolk
     8 | D:1      | Noticed a tengu
     8 | D:1      | Noticed a spriggan
    10 | D:1      | Noticed a formicid
    12 | D:1      | Noticed a human
    12 | D:1      | Noticed a vine stalker
    14 | D:1      | Noticed a troll
    14 | D:1      | Noticed a vampire
    16 | D:1      | Noticed a draconian
    16 | D:1      | Noticed a halfling
    18 | D:1      | Noticed an elf
    18 | D:1      | Noticed an octopode
    20 | D:1      | Noticed a demigod
    20 | D:1      | Noticed a felid
    22 | D:1      | Noticed a naga
    24 | D:1      | Noticed a centaur
    24 | D:1      | Noticed a demonspawn
    26 | D:1      | Noticed a gargoyle
    26 | D:1      | Noticed a dwarf
   647 | D:2      | Reached skill level 1 in Short Blades
   647 | D:2      | Reached XP level 2. HP: 9/13 MP: 0/6
   839 | D:3      | Noticed Jessica
   841 | D:3      | Killed Jessica
   841 | D:3      | Reached XP level 3. HP: 14/16 MP: 8/8
   854 | D:3      | Learned a level 2 spell: Passwall
   981 | D:4      | Found a shattered altar of Ashenzari.
   990 | D:4      | Became a worshipper of Ashenzari the Shackled
  1105 | D:1      | Reached XP level 4. HP: 3/21 MP: 4/9
  1137 | D:1      | Learned a level 4 spell: Petrify
  1409 | D:1      | Reached skill level 3 in Spellcasting
  1733 | D:2      | Noticed Robin
  1747 | D:2      | Killed Robin
  1979 | D:2      | Reached XP level 5. HP: 23/24 MP: 3/10
  2143 | D:2      | Reached * piety under Ashenzari
  2346 | D:2      | Noticed Sigmund
  2354 | D:2      | Killed Sigmund
  2354 | D:2      | Reached XP level 6. HP: 28/28 MP: 6/12
  3604 | D:4      | Reached skill level 4 in Spellcasting
  3878 | D:4      | Found a shadowy altar of Dithmenos.
  3985 | D:5      | Entered Level 5 of the Dungeon
  4028 | D:5      | Reached XP level 7. HP: 32/32 MP: 12/14
  4227 | D:5      | Reached skill level 5 in Spellcasting
  4385 | D:5      | Learned a level 5 spell: Lee's Rapid Deconstruction
  4454 | D:5      | Noticed Edmund
  4472 | D:5      | Killed Edmund
  4472 | D:5      | Reached skill level 6 in Spellcasting
  4567 | D:5      | Reached skill level 7 in Spellcasting
  4777 | D:5      | Noticed Eustachio
  4827 | D:5      | Killed Eustachio
  4827 | D:5      | Reached XP level 8. HP: 36/36 MP: 4/20
  4896 | D:5      | Reached skill level 8 in Spellcasting
  5038 | D:5      | Found a deep blue altar of Sif Muna.
  5239 | D:6      | Reached ** piety under Ashenzari
  5533 | D:6      | Reached skill level 9 in Spellcasting
  5691 | D:6      | Found a staircase to the Ecumenical Temple.
  5698 | Temple   | Entered the Ecumenical Temple
  6199 | D:6      | Found a bloodstained altar of Trog.
  6222 | D:6      | Reached skill level 10 in Spellcasting
  6363 | D:6      | Reached skill level 11 in Spellcasting
  6427 | D:6      | Reached XP level 9. HP: 39/39 MP: 22/25
  6607 | D:7      | Found Pouptyh's Jewellery Shop.
  6610 | D:7      | Bought a cursed ring of loudness for 54 gold pieces
  6610 | D:7      | Bought a cursed ring of teleportation for 54 gold pieces
  6813 | D:7      | Found a sand-covered staircase.
  6837 | D:7      | Reached skill level 12 in Spellcasting
  6842 | Ossuary  | Entered an ossuary
  7189 | D:7      | Reached *** piety under Ashenzari
  7275 | D:7      | Found a runed door.
  7275 | D:7      | Noticed Salmacis's ghost (novice DsMo)
  7422 | D:7      | Reached skill level 13 in Spellcasting
  7594 | D:7      | Found a runed door.
  7606 | D:7      | Found a basalt altar of Yredelemnul.
  8220 | D:7      | Learned a level 3 spell: Stone Arrow
  8332 | D:7      | Killed Salmacis's ghost
  8332 | D:7      | Reached skill level 14 in Spellcasting
  8376 | D:8      | Found a shimmering altar of Xom.
  8384 | D:8      | Reached XP level 10. HP: 44/44 MP: 1/29
  8467 | D:8      | Found an opulent altar of Gozag.
  8474 | D:8      | Found a hazy altar of Hepliaklqana.
  8702 | D:8      | Reached **** piety under Ashenzari
  8852 | D:8      | Found a sacrificial altar of Ru.
  8889 | D:8      | Identified the +3 scimitar of the Pill Bug {antimagic, MP+9 Str+4}
  9225 | D:9      | Found Plog's Gadget Shop.
  9435 | D:9      | Reached skill level 15 in Spellcasting
  9523 | D:9      | Reached skill level 5 in Stealth
  9704 | D:9      | Found a blossoming altar of Fedhas.
  9851 | D:9      | Learned a level 2 spell: Sticks to Snakes
  9854 | D:9      | Learned a level 2 spell: Poisonous Vapours
 10816 | D:10     | Entered Level 10 of the Dungeon
 10940 | D:10     | Noticed a two-headed ogre
 10958 | D:10     | Killed a two-headed ogre
 10976 | D:10     | Reached skill level 1 in Shields
 11153 | D:10     | Reached skill level 10 in Stealth
 11639 | D:10     | Reached XP level 11. HP: 47/47 MP: 2/31
 11846 | D:11     | Found a staircase to the Lair.
 11882 | D:11     | Noticed a two-headed ogre
 11896 | D:11     | Killed a two-headed ogre
 11924 | D:11     | Reached skill level 5 in Shields
 11978 | D:11     | Reached ***** piety under Ashenzari
 11984 | D:11     | Noticed a wizard
 11987 | D:11     | Noticed a wizard
 12145 | D:11     | Killed a wizard
 12172 | D:11     | Killed a wizard
 12535 | D:11     | Noticed a wizard
 12544 | D:11     | Killed a wizard
 12544 | D:11     | Reached skill level 5 in Dodging
 12763 | Lair:1   | Entered Level 1 of the Lair of Beasts
 12888 | Lair:1   | Reached skill level 5 in Short Blades
 13097 | Lair:1   | Reached skill level 1 in Fighting
 13181 | Lair:1   | Noticed Erica
 13197 | Lair:1   | Killed Erica
 13266 | Lair:1   | Noticed a seven-headed hydra
 13278 | Lair:1   | Slain by a seven-headed hydra

Vault maps used:
D:1:      kb_arrival_jail
D:2:      minmay_roachtagon, first_ration, uniq_sigmund, uniq_robin
D:3:      uniq_jessica
D:4:      grunt_dithmenos_smoke_and_mirrors, cheibrodos_ashenzari_chains
D:5:      lemuel_blue_sif_altar, serial_bayou_lake_a, uniq_eustachio,
          uniq_edmund
D:6:      temple_statues, serial_undead, serial_undead_b, serial_undead_a,
          serial_undead_b, serial_undead_d, serial_undead_c, serial_undead_e,
          minivault_23, trog_eyes_of_draining
D:7:      ebering_ghost_inner_flame, serial_glass, glass_columns_a,
          glass_columns_b, glass_columns_a, glass_columns_c, glass_columns_b,
          glass_columns_a, glass_columns_a, glass_columns_c,
          nicolae_ossuary_entry_catacombs, serial_shops,
          nicolae_shop_window_shopping, grunt_ogre_cave, minmay_misc_feat_x,
          dk_yredelemnul_ordeal
D:8:      xom_confusion_cloud, kennysheep_mini_moat, minitemple
D:9:      fedhas_altar_1, serial_shops, shop
D:10:     special_room
D:11:     cheibrodos_wizards_tower, lair_entry_dummy
D:12:     hiddenorc1_lemuel
Temple:   minmay_temple_curvy_branch
Lair:1:   uniq_erica
Ossuary:  minmay_ossuary_two_tombs

Skill      XL: |  1  2  3  4  5  6  7  8  9 10 11 |
---------------+----------------------------------+-----
Earth Magic    | 3 4 |  4.4
Short Blades   | 1 2 3 4 5 |  5.9
Transmutations | 2 3 4 |  4.4
Spellcasting   | 3 4 7 11 14 15 | 15.0
Dodging        | 4 9 |  9.0
Stealth        | 4 10 | 10.0
Shields        | 4 6 |  6.1
Fighting       | 3 |  3.5

Action                   |  1- 3 |  4- 6 |  7- 9 | 10-12 || total
-------------------------+-------+-------+-------+-------++-------
Melee: Dagger            |    86 |   135 |   310 |   121 ||   652
       Unarmed           |    13 |       |       |       ||    13
 Cast: Sandblast         |    14 |    97 |   116 |    10 ||   237
       Passwall          |       |     4 |    13 |    17 ||    34
       Petrify           |       |    13 |    47 |    44 ||   104
       Stone Arrow       |       |       |    20 |    81 ||   101
       Lee's Rapid Decon |       |       |     7 |    38 ||    45
Invok: Curse Item        |       |       |       |     1 ||     1
  Use: Scroll            |     1 |       |    17 |       ||    18
       Potion            |       |     1 |     4 |       ||     5
 Stab: Sleeping          |     4 |    15 |    14 |    21 ||    54
       Petrified         |       |     8 |    47 |    28 ||    83
       Petrifying        |       |     4 |    16 |    13 ||    33
       Invisible         |       |       |     4 |       ||     4
       Distracted        |       |       |     1 |       ||     1
  Eat: Ration            |       |     2 |     6 |     5 ||    13
Armor: Robe              |    16 |    13 |    19 |     6 ||    54
Dodge: Dodged            |    80 |   117 |   193 |    95 ||   485
Block: Buckler           |       |       |       |    14 ||    14

Table legend:
 A = Spawn XP
 B = Non-spawn XP
 C = Spawn XP percentage of total XP
 D = Spawn monster count
 E = Non-spawn monster count
 F = Spawn count percentage of total count
 G = Total turns spent on level
                    A         B        C        D         E        F      G
               +---------+---------+-------+---------+---------+-------+---------
         Total |       0 |   21795 |   0.0 |       0 |     325 |   0.0 | 13278
               +---------+---------+-------+---------+---------+-------+---------
           D:1 |       0 |      59 |   0.0 |       0 |      25 |   0.0 |  1197
           D:2 |       0 |     341 |   0.0 |       0 |      40 |   0.0 |  1254
           D:3 |       0 |     134 |   0.0 |       0 |      26 |   0.0 |  1025
           D:4 |       0 |     195 |   0.0 |       0 |      12 |   0.0 |   779
           D:5 |       0 |    1012 |   0.0 |       0 |      22 |   0.0 |  1563
           D:6 |       0 |    1195 |   0.0 |       0 |      22 |   0.0 |  1002
           D:7 |       0 |    1905 |   0.0 |       0 |      30 |   0.0 |  1690
           D:8 |       0 |     662 |   0.0 |       0 |      10 |   0.0 |   774
           D:9 |       0 |    1535 |   0.0 |       0 |      19 |   0.0 |  1029
          D:10 |       0 |    3543 |   0.0 |       0 |      36 |   0.0 |  1078
          D:11 |       0 |    4210 |   0.0 |       0 |      18 |   0.0 |   836
          D:12 |       0 |     586 |   0.0 |       0 |       6 |   0.0 |    31
        Lair:1 |       0 |    5900 |   0.0 |       0 |      21 |   0.0 |   515
       Ossuary |       0 |     518 |   0.0 |       0 |      38 |   0.0 |   273
               +---------+---------+-------+---------+---------+-------+---------
